[Event "NJSK 2023 Jeugd B"]
[Site "Almelo, Netherlands"]
[Date "2023.04.30"]
[Round "1.1"]
[White "Kumar, Prajit Sai"]
[Black "Snijders, Take"]
[Result "1-0"]
[TimeControl "90min/40moves + 30min + 30sec/move"]
[WhiteElo "2228"]
[BlackElo "1851"]

1. d4 Nf6 2. Nf3 d5 3. c3 Bf5 4. Qb3 Qc8 5. c4 e6 6. Bg5 Nbd7 7. Nc3 dxc4 8. Qxc4 Be7 9. g3 O-O 10.
Bg2 h6 11. Bf4 c6 12. O-O Nb6 13. Qb3 Rd8 14. Rac1 Nfd5 15. Bd2 Bh7 16. a3 Nxc3 17. Bxc3 Bf6 18. Rfd1 Rd7 19. Ne5 Bxe5 20.
dxe5 Qc7 21. Rxd7 Nxd7 22. Bd4 Nb6 23. e3 Bg6 24. Qc3 Rd8 25. Qa5 Ra8 26. e4 Nd5 27. Qc5 Nb6 28. Qa5 Nd5 29.
Qc5 Nb6 30. Be3 Rd8 31. Qa5 Nd5 32. Qxc7 Nxc7 33. Kf1 a6 34. Bb6 Rd7 35. Ke2 Kf8 36. a4 Ke8 37. Ke3 Kd8 38. f4 Kc8 39.
Bf3 f5 40. exf6 gxf6 41. Rc5 Na8 42. a5 Nxb6 43. axb6 Kd8 44. Bh5 Bxh5 45. Rxh5 Rh7 46. g4 Rg7 47. h3 Rg6 48. f5 exf5 49.
exf5 Rg7 50. Rxh6 Ke7 51. Kf4 a5 52. h4 Kf7 53. g5 fxg5+ 54. hxg5 a4 55. f6 1-0

[Event "NJSK 2023 Jeugd B"]
[Site "Almelo, Netherlands"]
[Date "2023.04.30"]
[Round "1.2"]
[White "Ponomarev, Ivan"]
[Black "Labruyere, Roger"]
[Result "1-0"]
[TimeControl "90min/40moves + 30min + 30sec/move"]
[WhiteElo "1788"]
[BlackElo "2160"]

1. c4 e5 2. g3 g6 3. Bg2 Bg7 4. Nc3 d6 5. e3 Nc6 6. Nge2 Nge7 7. O-O O-O 8. a3 f5 9. d3 Be6 10.
Nd5 Rb8 11. Nec3 a6 12. Rb1 b5 13. cxb5 axb5 14. b4 Nxd5 15. Nxd5 Ne7 16. Nxe7+ Qxe7 17. Qc2 Rfc8 18. Bd2 c5 19. Qb2 e4 20. d4 cxd4 21. exd4 Rc4 22.
Be3 Rbc8 23. Rfc1 Qc7 24. Bf1 Rxc1 25. Rxc1 Qb7 26. Rxc8+ Bxc8 27. Qb3+ Kf8 28. a4 bxa4 29. Qxa4 Bd7 30.
b5 Ke8 31. Qa5 Bf6 32. b6 Bc8 33. d5 Kf8 34. Bf4 Ke7 35. Bc4 Bd4 36. Be3 Be5 37. Qa4 Qb8 38. Bb5 Kf8 39. Qa7 1-0

[Event "NJSK 2023 Jeugd B"]
[Site "Almelo, Netherlands"]
[Date "2023.04.30"]
[Round "1.3"]
[White "Smeets, Kobe"]
[Black "Ritzerveld, Noah"]
[Result "1-0"]
[TimeControl "90min/40moves + 30min + 30sec/move"]
[WhiteElo "2094"]
[BlackElo "1776"]

1. e4 e5 2. Nf3 Nc6 3. Bb5 a6 4. Ba4 Nf6 5. O-O Be7 6. Re1 b5 7. Bb3 O-O 8. a4 Bb7 9. d3 d6 10.
Bd2 b4 11. c3 a5 12. d4 exd4 13. cxd4 d5 14. e5 Ne4 15. Be3 f5 16. exf6 Bxf6 17. Nbd2 Kh8 18. Rc1 Qd6 19. Nf1 Rae8 20.
Qd3 Ne7 21. Ng3 Rc8 22. Qc2 Ng6 23. Nd2 Nxg3 24. hxg3 c5 25. dxc5 Qc6 26. Nf3 d4 27. Bf4 Bg5 28. Re6 Qd7 29.
Nxg5 Rf6 30. Rxf6 gxf6 31. Nf7+ Kg7 32. Bh6+ 1-0

[Event "NJSK 2023 Jeugd B"]
[Site "Almelo, Netherlands"]
[Date "2023.04.30"]
[Round "1.4"]
[White "Van Arendonk, Polle"]
[Black "Guillaumond, Matthieu"]
[Result "1-0"]
[TimeControl "90min/40moves + 30min + 30sec/move"]
[WhiteElo "1772"]
[BlackElo "2010"]

1. e4 c5 2. Nf3 Nc6 3. d4 cxd4 4. Nxd4 g6 5. c4 Bg7 6. Be3 Nf6 7. Nc3 Ng4 8. Qxg4 Nxd4 9. Qd1 Ne6 10.
Rc1 O-O 11. Bd3 b6 12. O-O Bb7 13. Qd2 Rc8 14. b3 f5 15. Nd5 Bxd5 16. exd5 Nc5 17. f4 e5 18. fxe5 Bxe5 19. b4 Nxd3 20.
Qxd3 Qh4 21. h3 Qg3 22. Rf3 Qh2+ 23. Kf2 Bg3+ 24. Rxg3 f4 25. Rxg6+ Kf7 26. Qf5+ Ke8 27. Qe5+ Kd8 28.
Bxb6+ axb6 29. d6 Ra8 30. Qe7+ Kc8 31. Qxf8+ Kb7 32. Qxa8+ Kxa8 33. Rg8+ Kb7 34. Kf3 Kc6 35. c5 b5 36.
a4 1-0

[Event "NJSK 2023 Jeugd B"]
[Site "Almelo, Netherlands"]
[Date "2023.04.30"]
[Round "1.5"]
[White "Bakija, Alan"]
[Black "Van Egmond, Tom"]
[Result "0-1"]
[TimeControl "90min/40moves + 30min + 30sec/move"]
[WhiteElo "1999"]
[BlackElo "1767"]

1. c4 e5 2. g3 Nf6 3. Bg2 d5 4. cxd5 Nxd5 5. Nc3 Nb6 6. Nf3 Nc6 7. d3 Be7 8. Be3 O-O 9. Rc1 Re8 10.
O-O Bf8 11. Ne4 Nd4 12. Nxd4 exd4 13. Bg5 Be7 14. Bxe7 Qxe7 15. Re1 c6 16. Qd2 Be6 17. Nc5 Bd5 18. e4 dxe3 19. Rxe3 Qc7 20.
Rce1 Rxe3 21. Qxe3 Kf8 22. Bh3 Rd8 23. a4 h6 24. a5 Nc8 25. Nd7+ Kg8 26. Qe8+ Kh7 27. Nf8+ Kg8 28. Nd7+ Kh7 29.
Bf5+ g6 30. Nf6+ Kg7 31. Bxc8 Kxf6 32. Qe3 Kg7 33. Bg4 Qxa5 34. h4 Qb4 35. Qe5+ Kg8 36. Bh3 Qd6 37. Qe3 Qf6 38. Re2 h5 39.
Bg2 Bxg2 40. Kxg2 a5 41. Rd2 a4 42. Qb6 Qe7 43. Qe3 Qxe3 44. fxe3 c5 45. Kf2 c4 46. d4 b5 47. e4 b4 48.
Ke3 b3 49. Rd1 c3 50. Kd3 c2 51. Re1 Rc8 52. Kd2 a3 53. bxa3 b2 0-1

[Event "NJSK 2023 Jeugd B"]
[Site "Almelo, Netherlands"]
[Date "2023.04.30"]
[Round "1.6"]
[White "Blom, Rens"]
[Black "Van Hesselingen, Guido"]
[Result "1-0"]
[TimeControl "90min/40moves + 30min + 30sec/move"]
[WhiteElo "1747"]
[BlackElo "1924"]

1. c4 e6 2. e4 d5 3. cxd5 exd5 4. exd5 Nf6 5. Bb5+ Bd7 6. Bc4 Be7 7. Nf3 O-O 8. O-O Bg4 9. h3 Bh5 10.
Nc3 Nbd7 11. Re1 Nb6 12. Bb3 Re8 13. g4 Bg6 14. Ne5 Nfxd5 15. d4 Nxc3 16. bxc3 Bf6 17. f4 Bxe5 18. fxe5 Qh4 19.
Kg2 Rad8 20. Ba3 Nd7 21. Qf3 h5 22. e6 fxe6 23. Rxe6 Rxe6 24. Bxe6+ Kh8 25. Bf7 Bxf7 26. Qxf7 hxg4 27. Rh1 g3 28. Re1 Nf6 29.
Be7 Qf4 30. Rf1 Qd2+ 31. Kxg3 Ne4+ 32. Kh4 Qh6+ 33. Kg4 Nf6+ 34. Rxf6 Qd2 35. Bxd8 Qg2+ 36. Kh4 g5+ 37. Kh5 Qxh3+ 38. Kg6 1-0

[Event "NJSK 2023 Jeugd B"]
[Site "Almelo, Netherlands"]
[Date "2023.04.30"]
[Round "1.7"]
[White "Niemeijer, Leon"]
[Black "Knippenberg, Hidde"]
[Result "1-0"]
[TimeControl "90min/40moves + 30min + 30sec/move"]
[WhiteElo "1903"]
[BlackElo "1728"]

1. d4 Nf6 2. c4 d6 3. Nf3 g6 4. g3 Bg7 5. Bg2 Nbd7 6. Nc3 c6 7. O-O O-O 8. b3 Qc7 9. Bb2 e5 10.
dxe5 dxe5 11. Qc2 Nc5 12. Rad1 Bf5 13. Qc1 Rfe8 14. b4 Nce4 15. Qa1 Nd6 16. Nxe5 Rxe5 17. Nd5 Nxd5 18. cxd5 f6 19.
Bxe5 fxe5 20. dxc6 bxc6 21. Qc3 e4 22. Qc5 Bf8 23. a4 Re8 24. Rc1 Bd7 25. b5 Rc8 26. Rfd1 Qb7 27. Bxe4 Nxe4 28.
Qc4+ Kh8 29. Qxe4 Be8 30. Rc2 a6 31. Rcd2 Qa8 32. b6 Bf7 33. Rd7 Re8 34. b7 Qa7 35. Qf4 Bd5 36. e4 Be6 37.
Qf6+ Kg8 38. Rd8 Bf7 39. b8=Q Qxb8 40. Rxb8 Rxb8 41. Rd7 Rb1+ 42. Kg2 Bc4 43. Rd8 1-0

[Event "NJSK 2023 Jeugd B"]
[Site "Almelo, Netherlands"]
[Date "2023.04.30"]
[Round "1.8"]
[White "Veraart, Jan"]
[Black "Van Foreest, Nanne"]
[Result "0-1"]
[TimeControl "90min/40moves + 30min + 30sec/move"]
[WhiteElo "1560"]
[BlackElo "1893"]

1. e4 c5 2. Nc3 Nc6 3. Bb5 Nd4 4. Nf3 a6 5. Bd3 g6 6. O-O Bg7 7. Re1 e6 8. Rb1 Nc6 9. Nd5 d6 10.
Ne3 g5 11. h3 h5 12. Nh2 Ne5 13. Be2 Nf6 14. Nef1 Ng6 15. d3 Nf4 16. Bxf4 gxf4 17. e5 dxe5 18. Bf3 Nd5 19. Nd2 Bd7 20.
Ne4 Rc8 21. Bxh5 Bc6 22. Nxc5 Kf8 23. Qe2 Nf6 24. Bg4 Bd5 25. Nb3 Nxg4 26. Nxg4 f3 27. Qe3 fxg2 28. c4 Bc6 29. Nd2 Qh4 30.
Ne4 f5 31. Ng5 fxg4 32. Nxe6+ Kg8 33. Nxg7 gxh3 0-1

[Event "NJSK 2023 Jeugd B"]
[Site "Almelo, Netherlands"]
[Date "2023.05.01"]
[Round "2.1"]
[White "Ponomarev, Ivan"]
[Black "Kumar, Prajit Sai"]
[Result "0-1"]
[TimeControl "90min/40moves + 30min + 30sec/move"]
[WhiteElo "1788"]
[BlackElo "2228"]

1. c4 e6 2. Nc3 d5 3. cxd5 exd5 4. d4 c6 5. Nf3 h6 6. Bf4 Bd6 7. Bxd6 Qxd6 8. e3 Nf6 9. h3 Bf5 10. Bd3 Bxd3 11. Qxd3 Nbd7 12.
O-O O-O 13. Rab1 Rfe8 14. Nd2 a6 15. b4 Qe7 16. a3 Nb6 17. a4 g6 18. Rfc1 Rec8 19. b5 cxb5 20. axb5 a5 21. Nb3 Nfd7 22.
Ra1 a4 23. Nd2 Nf6 24. Nf3 Rc7 25. Rcb1 Ne4 26. Na2 Rac8 27. Nb4 Rc4 28. Qa3 Nc3 0-1

[Event "NJSK 2023 Jeugd B"]
[Site "Almelo, Netherlands"]
[Date "2023.05.01"]
[Round "2.2"]
[White "Van Arendonk, Polle"]
[Black "Smeets, Kobe"]
[Result "1/2-1/2"]
[TimeControl "90min/40moves + 30min + 30sec/move"]
[WhiteElo "1772"]
[BlackElo "2094"]

1. e4 c5 2. Nf3 e6 3. d4 cxd4 4.
Nxd4 Nc6 5. Nc3 Qc7 6. Be3 a6 7. a3 b5 8. Be2 Bb7 9. Nxc6 Qxc6 10. O-O Rc8 11. Bf3 Qc7 12. Qd2 Bd6 13.
h3 Nf6 14. Rfd1 Bh2+ 15. Kh1 Be5 16. Bd4 d6 17. Bxe5 dxe5 18. Qd6 Qxd6 19. Rxd6 Rc6 20. Rxc6 Bxc6 21. Kg1 Ke7 22. Rd1 g5 23.
g3 Rc8 24. Rd3 a5 25. b4 axb4 26. axb4 Be8 27. Be2 Rc4 28. f3 Rxb4 29. Kf2 Bc6 30. Nd1 Ne8 31. Rb3 Rxb3 32. cxb3 Kd6 33.
b4 Nc7 34. Nc3 Na6 35. Na2 Kc7 36. Bd3 Kb6 37. Ke3 f6 38. Kf2 Bd7 39. g4 Nb8 40. Nc3 Bc6 41. Kg3 Nd7 42. h4 h6 43.
h5 Nb8 44. Kf2 Na6 45. Na2 Bd7 46. Ke3 Nc7 47. Nc3 Ne8 48. Ne2 Nd6 49. Nc3 Bc8 50. Kf2 Ba6 51. Ke3 Nc8 52. Nb1 Ne7 53.
Na3 Nc6 54. Nc2 Bc8 55. Bf1 Bd7 56. Bd3 Kc7 57. Bf1 f5 58. Be2 Kd6 59. Kd3 Nd4 60. Nxd4 fxe4+ 61. fxe4 exd4 62. Kxd4 e5+ 63.
Ke3 Kc6 64. Kd3 Bc8 65. Ke3 Be6 66. Kd3 Bc4+ 67. Ke3 Bxe2 68. Kxe2 1/2-1/2

[Event "NJSK 2023 Jeugd B"]
[Site "Almelo, Netherlands"]
[Date "2023.05.01"]
[Round "2.3"]
[White "Van Egmond, Tom"]
[Black "Niemeijer, Leon"]
[Result "0-1"]
[TimeControl "90min/40moves + 30min + 30sec/move"]
[WhiteElo "1767"]
[BlackElo "1903"]

1. d4 Nf6 2. Bg5 g6 3. Bxf6 exf6 4. e3 Bg7 5. g3 d5 6. Bg2 c6 7. Ne2 f5 8. b3 Be6 9. Nd2 Nd7 10.
O-O O-O 11. c4 Nb6 12. c5 Nd7 13. b4 a5 14. a3 b5 15. cxb6 axb4 16. axb4 Qxb6 17. Qb3 Rxa1 18. Rxa1 Rb8 19.
Rb1 Bf8 20. Qa4 Qb5 21. Qxb5 Rxb5 22. Nf4 Rxb4 23. Rc1 Rb6 24. Nd3 Bd6 25. Nf3 h6 26. Bf1 f6 27. Be2 Kf7 28. Bd1 Nb8 29.
Nd2 Bd7 30. Nb3 Na6 31. Na5 Ke7 32. Ba4 Nb8 33. Nb3 Na6 34. Na5 Nb8 35. Nb3 Kd8 36. Ndc5 Bxc5 37. Nxc5 Na6 38. Kg2 Nxc5 39.
Rxc5 Kc7 40. Bd1 Bc8 41. Bf3 Be6 42. Be2 h5 43. Ra5 Bc8 44. Ra7+ Bb7 45. Ra5 Rb2 46. Kf1 Rb1+ 47. Kg2 Rb2 48. Kf1 Kb6 49. Rc5 Ra2 50. Rc1 Ba6 51. Bxa6 Rxa6 52.
Rb1+ Kc7 53. Kg2 Ra2 54. Rb3 g5 55. Rb4 Rd2 56. Ra4 Kd6 57. Kf3 f4 58. gxf4 gxf4 59. Ra8 fxe3 60. Kxe3 Rc2 61.
Rd8+ Ke6 62. Rh8 Rc3+ 63. Kf4 Rh3 64. Re8+ Kd7 65. Rh8 Rxh2 66. f3 h4 67. Kf5 h3 68. Kxf6 Rh1 69. f4 h2 70.
Rh7+ Kd6 71. f5 c5 72. dxc5+ Kxc5 73. Rh4 d4 74. Kf7 d3 75. f6 d2 0-1

[Event "NJSK 2023 Jeugd B"]
[Site "Almelo, Netherlands"]
[Date "2023.05.01"]
[Round "2.4"]
[White "Van Foreest, Nanne"]
[Black "Blom, Rens"]
[Result "1-0"]
[TimeControl "90min/40moves + 30min + 30sec/move"]
[WhiteElo "1893"]
[BlackElo "1747"]

1. e4 d6 2. d4 Nf6 3. Nc3 g6 4. Be3 Bg7 5. Qd2 O-O 6. f3 e5 7. O-O-O exd4 8. Bxd4 Nc6 9. Be3 a6 10.
Nge2 b5 11. Bh6 Ne5 12. Bxg7 Kxg7 13. Nf4 b4 14. Ncd5 a5 15. h4 b3 16. axb3 a4 17. h5 axb3 18. cxb3 g5 19. h6+ Kh8 20.
Nd3 Nxd5 21. Nxe5 Ra1+ 22. Kc2 Rxd1 23. Kxd1 dxe5 24. Qxd5 Qxd5+ 25. exd5 Rd8 26. Kc2 Rxd5 27. Bc4 Bf5+ 28.
Kc3 Rd6 29. Ra1 Rxh6 30. Ra7 Rh2 31. Rxc7 Rxg2 32. Rxf7 Rc2+ 33. Kb4 Bg6 34. Re7 e4 35. fxe4 g4 36. Rd7 Bxe4 37. Rd8+ Kg7 38.
Rg8+ Kf6 39. Rxg4 Bf5 40. Rf4 Kg5 41. Rxf5+ Kg6 42. Bd3 Rd2 43. Rf3+ 1-0

[Event "NJSK 2023 Jeugd B"]
[Site "Almelo, Netherlands"]
[Date "2023.05.01"]
[Round "2.5"]
[White "Labruyere, Roger"]
[Black "Snijders, Take"]
[Result "1-0"]
[TimeControl "90min/40moves + 30min + 30sec/move"]
[WhiteElo "2160"]
[BlackElo "1851"]

1. e4 c5 2. Nf3 e6 3. c3 d5 4. exd5 Qxd5 5. d4 Nf6 6. Na3 a6 7. Nc2 Nc6 8. Bd3 cxd4 9. Ncxd4 Nxd4 10.
cxd4 Bb4+ 11. Bd2 Bxd2+ 12. Qxd2 O-O 13. O-O Bd7 14. Rfe1 Rac8 15. Qf4 Bc6 16. b3 Rfd8 17. Rad1 Qa5 18.
Ne5 Be8 19. Bb1 Rc3 20. Qd2 Rdc8 21. h3 Qb4 22. Qf4 R3c7 23. Qh4 h6 24. Nd3 Qe7 25. Nc5 Nd5 26. Qe4 Nf6 27. Qd3 Bb5 28.
Qg3 b6 29. Ne4 Nxe4 30. Bxe4 Qa3 31. Bb1 Rc3 32. Qe5 Bc6 33. Re3 Rc1 34. Rde1 Bd5 35. Kh2 Qb2 36. Rxc1 Qxc1 37. Rg3 g5 38.
Qf6 Qxb1 39. Qxh6 Be4 40. Rxg5+ Bg6 41. Rg4 Qf5 42. Rh4 Qf6 43. Rf4 Qg7 44. Qg5 e5 45. dxe5 Re8 46. Rf6 Bb1 47.
Qxg7+ Kxg7 48. Rxb6 Bxa2 49. Rxa6 Bxb3 50. f4 Rc8 51. Ra3 Bd5 52. g4 Rc2+ 53. Kg3 Rg2+ 54. Kh4 Ra2 55. Rd3 Ra5 56.
Re3 Rb5 57. Rd3 Bg2 58. Kg5 Rd5 59. Re3 Bf1 60. h4 Bd3 61. f5 Bc4 62. Re4 Bd3 63. Re1 Bc4 64. h5 Kh7 65. Kf6 Kh6 66.
Rh1 Ra5 67. g5 Kh7 68. g6+ Kg8 69. gxf7+ Bxf7 70. Rg1+ Kf8 71. e6 Bxh5 72. e7+ Ke8 73. Rg8+ Kd7 74. Rd8+ Kc7 75. Rh8 Ra6+ 76. Kg7 Kd7 77. f6 Be8 78. f7 Ra8 79. f8=Q 1-0

[Event "NJSK 2023 Jeugd B"]
[Site "Almelo, Netherlands"]
[Date "2023.05.01"]
[Round "2.6"]
[White "Guillaumond, Matthieu"]
[Black "Ritzerveld, Noah"]
[Result "0-1"]
[TimeControl "90min/40moves + 30min + 30sec/move"]
[WhiteElo "2010"]
[BlackElo "1776"]

1. e4 e5 2. Nf3 Nc6 3. Bb5 a6 4. Ba4 Nf6 5. O-O Be7 6. Re1 b5 7. Bb3 O-O 8. h3 Bb7 9. c3 d5 10.
exd5 Nxd5 11. d4 exd4 12. Nxd4 Nxd4 13. cxd4 Bd6 14. Qf3 Rb8 15. Bxd5 Bxd5 16. Qd3 Qh4 17. Be3 f5 18. Nc3 Bc4 19.
Qc2 f4 20. Bd2 f3 21. Qe4 Bh2+ 22. Kxh2 Qxf2 23. Qg4 Qxd2 24. Re7 Qh6 25. gxf3 Rb6 26. Kh1 Rg6 27. Qd7 Be6 28. Rxe6 Qxh3# 0-1

[Event "NJSK 2023 Jeugd B"]
[Site "Almelo, Netherlands"]
[Date "2023.05.01"]
[Round "2.7"]
[White "Knippenberg, Hidde"]
[Black "Bakija, Alan"]
[Result "1/2-1/2"]
[TimeControl "90min/40moves + 30min + 30sec/move"]
[WhiteElo "1728"]
[BlackElo "1999"]

1. b3 d5 2. Bb2 Bf5 3. e3 e6 4. Nf3 Nf6 5. Be2 h6 6. O-O Bd6 7. Ne5 O-O 8. f4 c5 9. d3 Qc7 10.
Nd2 Nfd7 11. g4 Bh7 12. Ndf3 f6 13. Nxd7 Nxd7 14. h4 e5 15. f5 d4 16. e4 b5 17. Bc1 c4 18. dxc4 Nc5 19.
Bd3 a6 20. Qe2 Qb7 21. Re1 Rab8 22.
Bd2 Kh8 23. Rab1 Bg8 24. cxb5 axb5 25. g5 g6 26. fxg6 Qg7 27. gxh6 Qxg6+ 28. Qg2 Qxg2+ 29. Kxg2 f5 30. Ng5 fxe4 31.
Bxe4 Nxe4 32. Nxe4 Bd5 33. Kg1 Be7 34. Ng5 e4 35. c4 Bc6 36. Rf1 e3 37. Ba5 Rbc8 38. Rbd1 e2 39. Rxf8+ Rxf8 40.
Re1 Bc5 41. Rxe2 d3+ 42. Kh2 1/2-1/2

[Event "NJSK 2023 Jeugd B"]
[Site "Almelo, Netherlands"]
[Date "2023.05.01"]
[Round "2.8"]
[White "Van Hesselingen, Guido"]
[Black "Veraart, Jan"]
[Result "1-0"]
[TimeControl "90min/40moves + 30min + 30sec/move"]
[WhiteElo "1924"]
[BlackElo "1560"]

1. e4 c5 2. Nf3 d6 3. c3 Nf6 4. Bc4 e6 5. Qe2 Nc6 6. d4 cxd4 7. cxd4 Be7 8. e5 dxe5 9. dxe5 Nd7 10.
Nc3 a6 11. O-O Qc7 12. Bf4 b5 13. Bd3 Bb7 14. Rac1 g5 15. Bg3 h5 16. Nd5 Qd8 17. Nxe7 Qxe7 18. h4 g4 19. Ng5 Nb4 20.
Rc7 Bd5 21. Be4 Bc4 22. Rxc4 bxc4 23. Bxa8 Nd3 24. Bc6 1-0

[Event "NJSK 2023 Jeugd B"]
[Site "Almelo, Netherlands"]
[Date "2023.05.02"]
[Round "3.1"]
[White "Kumar, Prajit Sai"]
[Black "Van Foreest, Nanne"]
[Result "1/2-1/2"]
[TimeControl "90min/40moves + 30min + 30sec/move"]
[WhiteElo "2228"]
[BlackElo "1893"]

1. d4 d5 2. Nf3 Nf6 3. c3 e6 4.
Bf4 Bd6 5. e3 O-O 6. Nbd2 c5 7. Bd3 Qc7 8. Ne5 b6 9. h4 Bb7 10. Qf3 Nbd7 11. Qg3 Nh5 12. Qg5 Nxf4 13. exf4 cxd4 14.
cxd4 f6 15. Qh5 f5 16. Nxd7 Qxd7 17. g3 Bb4 18. O-O-O Bxd2+ 19. Rxd2 Qa4 20. Kb1 Rac8 21. Qe2 Qd7 22. Re1 Rf6 23.
Qd1 Bc6 24. Rde2 Qd6 25. Qb3 Bd7 26. Ba6 Rb8 27. Bd3 Rc8 28. a3 Rff8 29. Ba6 Rb8 30. Bb5 Bxb5 31. Qxb5 Rfe8 32. Rc2 Rec8 33.
Rce2 Re8 34. Qa4 a5 35. Rc2 Rec8 36. Rec1 Rxc2 37. Rxc2 Kf7 38. Qc6 Qxc6 39. Rxc6 Rb7 40. h5 Ke7 41.
b4 Kd7 42. b5 g6 43. hxg6 hxg6 44. Kb2 Rb8 45. f3 Rb7 46. Kb3 Rb8 47. Kb2 Rb7 48. Kc2 Rc7 49. Rxc7+ Kxc7 50. Kd3 Kd7 51.
Ke2 Ke7 52. Kf2 Kf6 53. Kg2 g5 54. fxg5+ Kxg5 55. Kh3 f4 56. g4 Kg6 57. Kg2 Kg5 58. a4 Kh6 59. Kh2 Kg5 60. Kh3 Kg6 61.
Kg2 1/2-1/2

[Event "NJSK 2023 Jeugd B"]
[Site "Almelo, Netherlands"]
[Date "2023.05.02"]
[Round "3.2"]
[White "Niemeijer, Leon"]
[Black "Van Arendonk, Polle"]
[Result "0-1"]
[TimeControl "90min/40moves + 30min + 30sec/move"]
[WhiteElo "1903"]
[BlackElo "1772"]

1. d4 Nf6 2. c4 g6 3. Nc3 d5 4. cxd5 Nxd5 5. e4 Nxc3 6. bxc3 Bg7 7. Nf3 c5 8. Be3 Nc6 9. Bb5 O-O 10.
Bxc6 bxc6 11. O-O Bg4 12. Rc1 Qa5 13. Qc2 Bxf3 14. gxf3 Rfd8 15. e5 c4 16. Qe2 Qa4 17. f4 e6 18.
Rc2 Rdb8 19. Rb2 Rb5 20. Qc2 Qxc2 21. Rxc2 a5 22. a4 Rb3 23. Ra1 Rab8 24. Bc1 Bf8 25. Kg2 h5 26. Raa2 Be7 27.
f3 Rd8 28. Be3 Bh4 29. Bf2 Be7 30. Be3 Ba3 31. Kf2 Rdb8 32. Ke2 Be7 33. Bc1 Kg7 34. h3 Rb1 35. Kd2 g5 36. Ke3 R8b3 37.
Ke4 gxf4 38. Kxf4 Kf8 39. Kg3 Kg7 40. Kf4 Kh7 41. Kg3 Kg6 42. h4 Kf5 43. Kh3 c5 44. Kg3 cxd4 45. cxd4 c3 46. Kh3 Bb4 47. Kg3 Rxc1 48.
Rxc1 Rb2 49. Rxb2 cxb2 50. Rh1 Bd2 51. Rb1 Bc3 52. Kf2 Bxd4+ 53. Ke2 Bxe5 54. Kd3 Kf4 55. Rf1 f6 0-1

[Event "NJSK 2023 Jeugd B"]
[Site "Almelo, Netherlands"]
[Date "2023.05.02"]
[Round "3.3"]
[White "Smeets, Kobe"]
[Black "Labruyere, Roger"]
[Result "0-1"]
[TimeControl "90min/40moves + 30min + 30sec/move"]
[WhiteElo "2094"]
[BlackElo "2160"]

1. e4 c5 2. Nf3 Nc6 3. Bb5 g6 4.
Bxc6 bxc6 5. O-O Bg7 6. d3 d6 7. h3 Nf6 8. a4 O-O 9. Na3 e5 10. Be3 Nh5 11. Nc4 Qc7 12. Qd2 f5 13.
Qa5 Qd7 14. Nb6 Qd8 15. Nc4 fxe4 16. Qxd8 Rxd8 17. dxe4 Ba6 18. b3 d5 19. exd5 e4 20. Ng5 cxd5 21. Na5 Bxf1 22. Rxf1 d4 23.
Bc1 Re8 24. Re1 Bh6 25. Nb7 e3 26. h4 Bxg5 27. hxg5 Re7 28. Nxc5 exf2+ 0-1

[Event "NJSK 2023 Jeugd B"]
[Site "Almelo, Netherlands"]
[Date "2023.05.02"]
[Round "3.4"]
[White "Ritzerveld, Noah"]
[Black "Van Hesselingen, Guido"]
[Result "0-1"]
[TimeControl "90min/40moves + 30min + 30sec/move"]
[WhiteElo "1776"]
[BlackElo "1924"]

1. e4 e5 2. Nf3 Nc6 3. Bc4 Bc5 4. c3 Nf6 5. d4 exd4 6. e5 d5 7. Bb5 Ne4 8. cxd4 Bb6 9. Nc3 O-O 10.
Be3 f5 11. exf6 Nxf6 12. Bxc6 bxc6 13. Ne5 Qd6 14. f4 c5 15. O-O cxd4 16. Bxd4 c5 17. Bf2 Ba6 18. Re1 Rad8 19. Qa4 Bb7 20.
Nb5 Qb8 21. Nc3 Qc7 22. Nb5 Qc8 23. Nc3 Kh8 24. Rad1 Ng4 25. Nxg4 Qxg4 26. h3 Qg6 27. Re7 Bc6 28. Nb5 d4 29.
g3 Rxf4 30. Rde1 Rdf8 31. R7e6 Rxf2 32. Rxg6 hxg6 33. a3 Rg2+ 34. Kh1 Rxg3+ 35. Kh2 Rg2+ 36. Kh1 Rg4+ 0-1

[Event "NJSK 2023 Jeugd B"]
[Site "Almelo, Netherlands"]
[Date "2023.05.02"]
[Round "3.5"]
[White "Blom, Rens"]
[Black "Ponomarev, Ivan"]
[Result "1/2-1/2"]
[TimeControl "90min/40moves + 30min + 30sec/move"]
[WhiteElo "1747"]
[BlackElo "1788"]

1. c4 e6 2. e4 d5 3. exd5 exd5 4. cxd5 Nf6 5. Bb5+ Nbd7 6. Nc3 Bd6 7. Nf3 O-O 8. O-O Nb6 9. d4 h6 10.
h3 Nbxd5 11. Ne5 c6 12. Nxd5 Nxd5 13. Bc4 Be6 14. f4 Nxf4 15. Bxf4 Bxe5 16. dxe5 Bxc4 17. Qg4 Be6 18. Qg3 Kh7 19.
Rfd1 Qb6+ 20. Qf2 Qxf2+ 21. Kxf2 Rfd8 22. Rd6 Bd5 23. Rd1 Kg8 24. a3 Kf8 25. Be3 Ke8 26. Kg3 Rd7 27. Rxd7 Kxd7 28. Kf4 Ke6 29. h4 a6 30. g4 Rg8 31.
Re1 b5 32. b4 Rd8 33. Bb6 Rd7 34. Bc5 Bc4 35. g5 h5 36. Bf8 g6 37. Bd6 Ra7 38. Bc5 Ra8 39. Rd1 Bd5 40. Bb6 a5 41.
bxa5 c5 42. Bxc5 Rxa5 43. Rc1 Kd7 44. Rc2 Ra8 45. Bd6 Bc4 46. Ke4 Kc6 47. Kd4 Kb6 48. Rc3 Ra4 49. Bb4 Kc6 50. Rf3 Ra8 51.
Bd6 Ra4 1/2-1/2

[Event "NJSK 2023 Jeugd B"]
[Site "Almelo, Netherlands"]
[Date "2023.05.02"]
[Round "3.6"]
[White "Knippenberg, Hidde"]
[Black "Van Egmond, Tom"]
[Result "0-1"]
[TimeControl "90min/40moves + 30min + 30sec/move"]
[WhiteElo "1728"]
[BlackElo "1767"]

1. b3 e5 2. Bb2 Nc6 3. e3 Nf6 4. Bb5 Qe7 5. Ne2 a6 6. Bxc6 dxc6 7. O-O h5 8. f4 e4 9. Qe1 h4 10.
Na3 h3 11. g3 b5 12. Rd1 Bg4 13. c4 Bf3 14. Rxf3 exf3 15. Nd4 Ng4 16. Nxf3 Qe4 17. Qe2 b4 18. d3 Qxe3+ 19.
Qxe3+ Nxe3 20. Re1 O-O-O 21. Rxe3 bxa3 22. Bc3 f6 23. d4 c5 24. d5 Bd6 25. Kf2 Rde8 26. Ng1 Rxe3 27. Kxe3 g5 28.
Kf3 gxf4 29. gxf4 Rh6 30. Be1 f5 31. Ne2 Rg6 32. Bg3 Be7 33. Nc1 c6 34. dxc6 Rd6 35. Ke2 Re6+ 36. Kf3 Bf6 37.
Nd3 Bd4 38. Ne5 Kc7 39. Ke2 Re7 40. Kf3 Re6 41. Be1 Bg1 42. Kg3 Rd6 43. Ba5+ Kc8 44. c7 Be3 45. Kf3 Bd2 46. Nf7 Rd7 47.
Ne5 Bxa5 48. Nxd7 Kxd7 49. c8=Q+ Kxc8 50. Kg3 Bd2 51. Kxh3 Bxf4 52. Kg2 Kd7 53. h4 Ke6 0-1

[Event "NJSK 2023 Jeugd B"]
[Site "Almelo, Netherlands"]
[Date "2023.05.02"]
[Round "3.7"]
[White "Bakija, Alan"]
[Black "Guillaumond, Matthieu"]
[Result "1-0"]
[TimeControl "90min/40moves + 30min + 30sec/move"]
[WhiteElo "1999"]
[BlackElo "2010"]

1. c4 Nf6 2. g3 g6 3. Bg2 Bg7 4. Nc3 O-O 5. d4 d6 6. h3 c6 7. e4 e5 8. Nf3 exd4 9. Nxd4 Re8 10.
O-O Be6 11. b3 d5 12. cxd5 cxd5 13. e5 Nfd7 14. f4 Nc6 15. Nxe6 fxe6 16. Bb2 Rc8 17. Kh2 a6 18. Qd2 b5 19.
Rad1 Rc7 20. h4 Nc5 21. Qe2 Kh8 22. Ne4 Nxe4 23. Bxe4 Qe7 24. Bb1 Qf7 25. Kg2 h5 26. g4 Rg8 27.
Kh1 Ne7 28. Rf2 hxg4 29. Qxg4 Nf5 30. Qh3 Bh6 31. Rg1 Rcc8 32. Rg4 d4 33. Rg1 Rcd8 34. Bc1 Rg7 35. Rgg2 Rh7 36. Rh2 Qb7+ 37.
Qf3 Qe7 38. h5 gxh5 39. Rxh5 Rf8 40.
Rfh2 Qg7 41. Rg2 Qf7 42. Qh3 Bxf4 43. Rxh7+ Qxh7 44. Qxh7+ Kxh7 45. Bxf4 Kh8 46. Bxf5 Rxf5 47. Bg3 Kh7 48. Rd2 Rf1+ 49. Kg2 Ra1 50. Bf2 d3 51. Kf3 Kg6 52. Ke4 Rh1 53. Rxd3 Rh2 54. Rd2 Rg2 55. Be3 Rg4+ 56.
Bf4 Rg1 57. Rd6 Re1+ 58. Be3 Kf7 59. Rxa6 Re2 60. Ra7+ Kg6 61.
a4 bxa4 62. bxa4 Ra2 63. a5 Ra4+ 64. Bd4 Ra2 65. a6 Rh2 66. Be3 Ra2 67. Ra8 Kg7 68. a7 1-0

[Event "NJSK 2023 Jeugd B"]
[Site "Almelo, Netherlands"]
[Date "2023.05.02"]
[Round "3.8"]
[White "Snijders, Take"]
[Black "Veraart, Jan"]
[Result "1-0"]
[TimeControl "90min/40moves + 30min + 30sec/move"]
[WhiteElo "1851"]
[BlackElo "1560"]

1. e4 c5 2. Nf3 d6 3. d4 cxd4 4. Nxd4 Nf6 5. Nc3 a6 6. Bg5 e6 7. f4 Nbd7 8. Qf3 Qc7 9. O-O-O b5 10.
Bxf6 Nxf6 11. e5 Bb7 12. Qg3 Ne4 13. Nxe4 Bxe4 14. Bd3 Bg6 15. Bxg6 hxg6 16. Rhe1 d5 17. h3 Rc8 18. Qb3 Rh4 19.
g4 Qc4 20. Re3 Kd7 21. Qxc4 bxc4 22. c3 Bc5 23. Rf1 Rch8 24. Rff3 R4h7 25. Rg3 f6 26. Ref3 f5 27. gxf5 gxf5 28.
Kd2 Rb8 29. Kc2 Be7 30. Rg6 Rb6 31. Nxf5 Bf6 32. Nd4 Be7 33. f5 Rh6 34. Rxg7 exf5 35. e6+ Rbxe6 36. Nxe6 Kxe6 37. Re3+ 1-0

[Event "NJSK 2023 Jeugd B"]
[Site "Almelo, Netherlands"]
[Date "2023.05.03"]
[Round "4.1"]
[White "Van Foreest, Nanne"]
[Black "Van Arendonk, Polle"]
[Result "1-0"]
[TimeControl "90min/40moves + 30min + 30sec/move"]
[WhiteElo "1893"]
[BlackElo "1772"]

1. e4 e5 2. Nf3 Nf6 3. Nxe5 d6 4.
Nf3 Nxe4 5. d4 d5 6. Bd3 Bd6 7. O-O O-O 8. Re1 Bf5 9. c4 c6 10. Nc3 Nxc3 11. bxc3 Bg6 12. Bxg6 hxg6 13.
cxd5 cxd5 14. Qb3 b6 15. Bg5 Qd7 16. Ne5 Qb7 17. Bf4 Rd8 18. Re3 Nc6 19. Rae1 Bxe5 20. Bxe5 Na5 21. Qd1 Nc4 22.
Rh3 f6 23. Qg4 Kf7 24. Bxf6 Re8 25. Be5 Qc6 26. Qf4+ Qf6 27. Qg4 Nxe5 28. dxe5 Rxe5 29. Rxe5 Qxe5 30. Re3 Qd6 31. Qa4 a5 32.
Qd4 Re8 33. Rxe8 Kxe8 34. Qxg7 Qe6 35. h3 Qe1+ 36. Kh2 Qxf2 37. Qxg6+ Kd7 38. Qg4+ Kc6 39. h4 Qxa2 40. h5 Qc2 41.
Qg6+ 1-0